 Dungeon Crawl Stone Soup version 0.25.1-9-gc5326a611f (webtiles) character file.

Game seed: 11781818186513644343

2912 pokeman the Thaumaturge (level 9, 0/50 HPs)
             Began as a Deep Elf Wizard on Dec 24, 2020.
             Was a Follower of Vehumet.
             Slain by an orc warrior
             ... wielding a +0 scimitar
              (22 damage)
             ... on level 7 of the Dungeon.
             The game lasted 00:21:36 (9912 turns).

pokeman the Thaumaturge (Deep Elf Wizard)           Turns: 9912, Time: 00:21:36

Health: 0/50       AC:  6    Str:  4    XL:     9   Next: 49%
Magic:  1/26       EV: 12    Int: 27    God:    Vehumet [*.....]
Gold:   389        SH:  0    Dex: 13    Spells: 13/31 levels left

rFire    . . .     SeeInvis .   z - +2 hand axe (vorpal)
rCold    . . .     Gourm    .   (no shield)
rNeg     . . .     Faith    .   s - +0 leather armour
rPois    .         Spirit   .   N - +0 helmet (curse)
rElec    .         Reflect  .   f - +0 cloak
rCorr    +         Harm     .   J - +0 pair of gloves
MR       .....     Rnd*Tele +   (no boots)
Stlth    ++........             (no amulet)
HPRegen  0.16/turn              A - ring of teleportation (curse)
MPRegen  0.20/turn              G - ring of resist corrosion

@: very slightly contaminated
A: no striking features
a: Renounce Religion


You were on level 7 of the Dungeon.
You worshipped Vehumet.
Vehumet was aware of your devotion.
You were not hungry.

You visited 2 branches of the dungeon, and saw 8 of its levels.

You collected 389 gold pieces.

Inventory:

Hand Weapons
 z - a +2 vorpal hand axe (weapon)
 L - a +0 shortbow
Missiles
 k - 26 bolts
 x - 80 arrows
Armour
 f - a +0 cloak (worn)
 s - a +0 leather armour (worn)
 y - a +0 kite shield
 J - a +0 pair of gloves (worn)
 N - a cursed +0 helmet (worn)
Jewellery
 r - an uncursed ring of positive energy
 A - a cursed ring of teleportation (left hand)
 G - a ring of resist corrosion (right hand)
Wands
 C - a wand of polymorph (21)
 F - a wand of disintegration (15)
 O - a wand of enslavement (9)
 P - a wand of iceblast (9)
Scrolls
 c - 6 scrolls of identify {unknown}
 e - a scroll of fear {unknown}
 g - a scroll of magic mapping {unknown}
 h - 3 scrolls of blinking {unknown}
 i - 4 scrolls of teleportation {unknown}
 p - a scroll of random uselessness {unknown}
 q - 2 scrolls of remove curse {unknown}
 t - 2 scrolls of amnesia {unknown}
 u - 2 scrolls of immolation {unknown}
 w - 2 scrolls of enchant armour {unknown}
 B - 2 scrolls of enchant weapon {unknown}
 I - a scroll of noise {unknown}
 M - a scroll of fog {unknown}
Potions
 a - a potion of berserk rage {unknown}
 j - a potion of might {unknown}
 l - a potion of heal wounds {unknown}
 m - 2 potions of brilliance {unknown}
 n - 3 potions of lignification {unknown}
 o - a potion of mutation {unknown}
 v - 2 potions of degeneration {unknown}
 D - a potion of ambrosia {unknown}
 E - 2 potions of flight {unknown}
 H - 2 potions of stabbing {unknown}
 K - a potion of magic {unknown}
Comestibles
 d - 18 rations


   Skills:
 - Level 3.0 Fighting
 - Level 2.0 Armour
 - Level 3.0 Dodging
 - Level 2.4 Stealth
 + Level 2.0 Shields
 * Level 11.6 Spellcasting
 + Level 6.4 Conjurations
 - Level 1.1 Summonings
 - Level 1.1 Translocations
 + Level 5.3 Fire Magic
 - Level 2.2 Air Magic
 - Level 1.0 Poison Magic
 - Level 1.0 Evocations


You had 13 spell levels left.
You knew the following spells:

 Your Spells              Type           Power        Failure   Level  Hunger
a - Magic Dart            Conj           ####         1%          1    None
b - Mephitic Cloud        Conj/Pois/Air  ####....     4%          3    None
c - Call Imp              Summ           ###.....     6%          2    None
d - Blink                 Tloc           N/A          6%          2    None
e - Conjure Flame         Conj/Fire      #####...     1%          3    None
f - Foxfire               Conj/Fire      ####         1%          1    None
g - Fireball              Conj/Fire      #####.....   16%         5    ###....
h - Apportation           Tloc           ###...       4%          1    None

Your spell library contained the following spells:

 Spells                   Type           Power        Failure   Level  Hunger
 Shock                    Conj/Air       ####         1%          1    None
 Summon Small Mammal      Summ           ###.         4%          1    None
 Sticky Flame             Conj/Fire      #####...     5%          4    None
 Animate Skeleton         Necr           N/A          6%          1    None
 Corona                   Hex            ###....      6%          1    None
 Inner Flame              Hex/Fire       ####....     6%          3    None
 Slow                     Hex            ###.....     10%         2    None
 Gell's Gravitas          Tloc           ###.......   12%         3    None
 Confusing Touch          Hex            ###.....     19%         3    None
 Petrify                  Tmut/Erth      ###.....     54%         4    None
 Metabolic Englaciation   Hex/Ice        ###.......   87%         5    ###....
 Yara's Violent Unravell  Hex/Tmut       ###.......   87%         5    ###....


Dungeon Overview and Level Annotations

Branches:
Dungeon (7/15)             Temple (1/1) D:5

Altars:
Ashenzari
Dithmenos
Elyvilon
Gozag
Hepliaklqana
Kikubaaqudgha
Nemelex Xobeh
Sif Muna
Vehumet

Annotations:
D:3 1 runed translucent door


Message History

Aim: an orc warrior, wielding a +0 scimitar and wearing a +0 plate armour (heavily wounded)
The ball explodes into a vile cloud!
The orc warrior hits you with a +0 scimitar!
You see here a ration.
Casting: Mephitic Cloud (dangerous; 4% risk of failure)
Confirm with . or Enter, or press ? or * to list all spells.
A beastly little devil appears in a puff of frigid air.
The orc hits your white imp with a +0 falchion.
Casting: Call Imp (safe; 6% risk of failure)
Confirm with . or Enter, or press ? or * to list all spells.
You miscast Call Imp.
Nothing appears to happen.
The orc warrior hits you with a +0 scimitar!
Your white imp barely misses the orc warrior.
The orc hits your white imp with a +0 falchion.
Found a stone staircase leading up.
Casting: Call Imp (safe; 6% risk of failure)
Confirm with . or Enter, or press ? or * to list all spells.
A beastly little devil appears in a puff of frigid air.
The orc warrior hits you with a +0 scimitar!!
You die...

##'#..... ...........#
...........#
.g.........#
...........#
#.#.#.#....#
...........#
#.#.#.#....#############
.>.........g.o5o@.5....<
#.#.#.#..%.#############
...........#
#.#.#.#....#
...........#
#.#.#.#....#
....######## ##### #


You could see an orc warrior, a gnoll, an orc and 2 friendly white imps.

Vanquished Creatures
  Grinder (D:5)
  Eustachio (D:6)
  A hungry ghost (D:7)
  An orc warrior (D:7)
  A sky beast (D:4)
  An ogre (D:6)
  2 ice beasts
  2 centaurs
  6 bullfrogs
  A gnoll sergeant (D:5)
  A water moccasin skeleton (D:6)
  A scorpion (D:5)
  2 howler monkeys
  4 crimson imps
  A quasit (D:6)
  5 hounds
  A centaur skeleton (D:4)
  An orc priest (D:6)
  7 orc wizards
  3 bullfrog skeletons
  Ijyb (D:4)
  3 iguanas
  3 worker ants
  Robin (D:2)
  A howler monkey skeleton (D:7)
  18 gnolls
  6 adders
  2 shadow imps
  3 worms
  2 dart slugs
  7 leopard geckos
  24 orcs
  5 giant cockroaches
  17 goblins
  9 hobgoblins
  5 jackals
  A quokka (D:7)
  10 bats
  6 frilled lizards
  7 kobolds
  A quokka skeleton (D:4)
  5 rats
180 creatures vanquished.

Vanquished Creatures (collateral kills)
  An adder (D:3)
  3 orcs
4 creatures vanquished.

Vanquished Creatures (others)
  An adder skeleton (D:7)
  49 foxfires (D:7)
50 creatures vanquished.

Grand Total: 234 creatures vanquished

Notes
Turn   | Place    | Note
-------+----------+-------------------------------------------
     0 | D:1      | pokeman the Deep Elf Wizard began the quest for the Orb.
     0 | D:1      | Reached XP level 1. HP: 10/10 MP: 7/7
   296 | D:1      | Reached XP level 2. HP: 16/16 MP: 6/9
   744 | D:1      | Reached skill level 5 in Spellcasting
  1184 | D:1      | Reached XP level 3. HP: 20/20 MP: 8/11
  1189 | D:1      | Learned a level 3 spell: Mephitic Cloud
  1192 | D:1      | Learned a level 2 spell: Call Imp
  1195 | D:1      | Learned a level 2 spell: Blink
  1199 | D:1      | Learned a level 3 spell: Conjure Flame
  1756 | D:2      | Reached skill level 1 in Fighting
  1862 | D:2      | Noticed Robin
  1892 | D:2      | Reached skill level 1 in Armour
  2277 | D:2      | Killed Robin
  2277 | D:2      | Reached XP level 4. HP: 15/25 MP: 0/13
  2435 | D:2      | Found a white marble altar of Elyvilon.
  3253 | D:3      | Found a white marble altar of Elyvilon.
  3253 | D:3      | Found a runed translucent door.
  3253 | D:3      | Noticed an angel
  3382 | D:3      | Reached skill level 1 in Fire Magic
  3502 | D:3      | Reached skill level 6 in Spellcasting
  3502 | D:3      | Reached XP level 5. HP: 26/29 MP: 4/15
  3708 | D:3      | Reached skill level 1 in Air Magic
  4422 | D:3      | Reached XP level 6. HP: 29/34 MP: 2/17
  4442 | D:3      | Reached skill level 1 in Shields
  4760 | D:4      | Reached skill level 7 in Spellcasting
  4781 | D:4      | Noticed Ijyb
  4798 | D:4      | Found a hazy altar of Hepliaklqana.
  4820 | D:4      | Killed Ijyb
  4820 | D:4      | Reached skill level 1 in Poison Magic
  5456 | D:4      | Reached skill level 1 in Evocations
  5456 | D:4      | Reached XP level 7. HP: 38/38 MP: 14/20
  5943 | D:4      | Reached skill level 8 in Spellcasting
  6070 | D:5      | Entered Level 5 of the Dungeon
  6200 | D:5      | Noticed Grinder
  6200 | D:5      | Paralysed by Grinder for 2 turns
  6220 | D:5      | Killed Grinder
  6325 | D:5      | Reached XP level 8. HP: 16/44 MP: 8/22
  6339 | D:5      | Reached skill level 9 in Spellcasting
  6788 | D:5      | Found a staircase to the Ecumenical Temple.
  6797 | Temple   | Entered the Ecumenical Temple
  6804 | Temple   | Became a worshipper of Vehumet
  7039 | D:5      | Learned a level 1 spell: Apportation
  7372 | D:6      | HP: 2/45 [orc priest/divine providence (14)]
  7376 | D:6      | Reached skill level 5 in Conjurations
  7786 | D:6      | Reached skill level 10 in Spellcasting
  7871 | D:6      | Noticed Eustachio
  7904 | D:6      | Killed Eustachio
  7973 | D:6      | Found a shadowy altar of Dithmenos.
  8437 | D:6      | Reached * piety under Vehumet
  8437 | D:6      | Offered knowledge of Freeze by Vehumet.
  9094 | D:7      | Reached XP level 9. HP: 47/50 MP: 19/25
  9140 | D:7      | Learned a level 1 spell: Foxfire
  9146 | D:7      | Learned a level 5 spell: Fireball
  9309 | D:7      | Reached skill level 11 in Spellcasting
  9611 | D:7      | Reached skill level 5 in Fire Magic
  9882 | D:7      | Offered knowledge of Shock by Vehumet.
  9912 | D:7      | Slain by an orc warrior

Illustrated notes

Levels and vault maps discovered:
D:1:      evilmike_arrival_home_sweet_home, layout_basic, columned_hall_lemuel
D:2:      layout_loops_ring, elyvilon_altar_1, uniq_robin
D:3:      layout_rooms, lemuel_angel_altar
D:4:      layout_cave_pods, kennysheep_mini_moat, first_ration, uniq_ijyb
D:5:      layout_loops_cross, minmay_temple_entry_drinking_statues, uniq_grinder
D:6:      layout_basic, grunt_dithmenos_shadows, uniq_eustachio
D:7:      layout_basic, grunt_ogre_cave, st_stairs_9,
          minmay_misc_feat_more_columns
Temple:   regret_index_temple_chain_breaker

Skill      XL: |  1  2  3  4  5  6  7  8  9 |
---------------+----------------------------+-----
Spellcasting   | 5 6 7 8 10 11 | 11.6
Fighting       | 1 2 3 |  3.0
Conjurations   | 2 3 4 5 6 |  6.4
Armour         | 1 2 |  2.0
Fire Magic     | 1 2 4 5 |  5.3
Dodging        | 3 |  3.0
Air Magic      | 1 2 |  2.2
Shields        | 1 2 |  2.0
Poison Magic   | 1 |  1.0
Evocations     | 1 |  1.0
Stealth        | |  2.4
Summonings     | |  1.1
Translocations | |  1.1

Action                   |  1- 3 |  4- 6 |  7- 9 || total
-------------------------+-------+-------+-------++-------
Melee: Unarmed           |    15 |     5 |       ||    20
       Hand axe          |       |    23 |    57 ||    80
 Cast: Magic Dart        |   126 |   191 |   246 ||   563
       Mephitic Cloud    |     3 |     6 |    15 ||    24
       Call Imp          |       |     3 |     6 ||     9
       Conjure Flame     |       |     2 |    12 ||    14
       Foxfire           |       |       |    28 ||    28
       Blink             |       |       |     2 ||     2
       Apportation       |       |       |     1 ||     1
 Stab: Confused          |       |     3 |     5 ||     8
  Eat: Chunk             |     4 |    10 |    10 ||    24
       Ration            |       |       |     1 ||     1
Armor: Robe              |     2 |       |       ||     2
       Leather armour    |     5 |    11 |    45 ||    61
Dodge: Dodged            |    38 |    57 |    80 ||   175
